 Dungeon Crawl Stone Soup version 0.28-a0-655-g4eb62b627b (webtiles) character file.

Game seed: 3744662583994526228

3246 Woods the Scholar of Death (level 9, -8/52 HPs)
             Began as a Vampire Necromancer on Oct 12, 2021.
             Was a Follower of Kikubaaqudgha.
             Mangled by Menkaure (15 damage)
             ... on level 7 of the Dungeon.
             The game lasted 00:30:01 (10498 turns).

Woods the Scholar of Death (Vampire Necromancer)   Turns: 10498, Time: 00:30:02

Health: -8/52      AC: 14    Str:  7    XL:     9   Next: 67%
Magic:  19/19      EV: 14    Int: 20    God:    Kikubaaqudgha [*.....]
Gold:   87         SH:  0    Dex: 15    Spells: 6/22 levels left

rFire   . . .      SeeInvis +   k - staff of cold
rCold   + + +      Faith    .   (no shield)
rNeg    + + +      Spirit   .   a - +0 robe
rPois   ∞          Reflect  .   p - +1 hat {Will+}
rElec   .          Harm     .   (no cloak)
rCorr   .          Rampage  .   r - +2 pair of gloves
Will    +....                   (no boots)
Stlth   +++++.....              d - amulet of magic regeneration
HPRegen 0.00/turn               (no ring)
MPRegen 0.41/turn               (no ring)

@: mighty, ice-armoured, bloodless, inhibited regen
A: bloodless, fangs 3, see invisible, vampiric 2
a: Bat Form, Revivify, Renounce Religion, Receive Corpses


You were on level 7 of the Dungeon.
You worshipped Kikubaaqudgha.
Kikubaaqudgha was aware of your devotion.
You visited 1 branch of the dungeon, and saw 7 of its levels.

You collected 147 gold pieces.
You spent 60 gold pieces at shops.

Inventory:

Armour
 a - a +0 robe (worn)
 p - a +1 hat of willpower (worn)
 q - a +0 troll leather armour
 r - a +2 pair of gloves (worn)
Magical Staves
 k - a staff of cold (weapon)
Jewellery
 d - an amulet of magic regeneration (around neck)
Scrolls
 g - a scroll of enchant armour
 h - 2 scrolls of identify
 l - 3 scrolls of holy word
 m - 2 scrolls of teleportation
Potions
 b - 2 potions of might
 e - a potion of brilliance
 f - a potion of haste {unknown}
 i - a potion of resistance {unknown}
 j - a potion of degeneration {unknown}
 n - a potion of attraction {unknown}


   Skills:
 + Level 4.2 Fighting
 + Level 5.2 Dodging
 + Level 6.5 Stealth
 - Level 7.0 Spellcasting
 - Level 9.0 Necromancy
 - Level 5.0 Ice Magic


You had 6 spell levels left.
You knew the following spells:

 Your Spells              Type           Power      Damage    Failure   Level
a - Pain                  Necr           100%       1d9       1%          1
b - Agony                 Necr           43%        N/A       6%          5
c - Vampiric Draining     Necr           21%        2d9       1%          3
d - Animate Dead          Necr           21%        N/A       2%          4
e - Ozocubu's Armour      Ice            40%        N/A       3%          3

Your spell library contained the following spells:

 Spells                   Type           Power      Damage    Failure   Level
 Animate Skeleton         Necr           86%        N/A       1%          1
 Sublimation of Blood     Necr           21%        N/A       1%          2
 Corpse Rot               Necr/Air       N/A        N/A       2%          2
 Sandblast                Erth           14%        2d6       10%         1
 Shock                    Conj/Air       28%        1d4       10%         1
 Passwall                 Tmut/Erth      5%         N/A       14%         2
 Stone Arrow              Conj/Erth      14%        3d7       28%         3
 Swiftness                Air            7%         N/A       28%         3
 Airstrike                Air            3%         N/A       67%         4
 Ozocubu's Refrigeration  Ice            20%        4d9       100%        7


Dungeon Overview and Level Annotations

Branches:
Dungeon (7/15)             Temple (0/1) D:6

Altars:
Ashenzari
Cheibriados
Kikubaaqudgha
Makhleb
Nemelex Xobeh
Qazlal
Sif Muna
Yredelemnul
Zin
The Shining One

Shops:
D:1 [   D:2 ?   D:6 (

Annotations:
D:4 2 transporters, dang3rdave's ghost, amateur GrWz
D:7 Menkaure


Innate Abilities, Weirdness & Mutations

You do not regenerate when monsters are visible.
You are frail without blood (-20% HP).
You can heal yourself when you bite living creatures.
You are immune to poison.
You have razor-sharp teeth.
You have supernaturally acute eyesight. (SInv)
You are afflicted with vampirism and can become a bat while bloodless.


Message History

Menkaure is moderately damaged.
Menkaure completely misses you.
You closely miss Menkaure.
Menkaure is moderately damaged.
Menkaure hits you! Menkaure misses you.
You hit Menkaure but do no damage.
Menkaure is moderately damaged.
Menkaure hits you.
You hit Menkaure. You freeze Menkaure.
Menkaure is moderately damaged.
Menkaure hits you! Menkaure hits you.
You hit Menkaure but do no damage.
Menkaure is moderately damaged.
Menkaure shouts, "The sands of time shall wipe you from history!"
Menkaure hits you but does no damage.
You completely miss Menkaure.
Menkaure is moderately damaged.
Menkaure closely misses you. Menkaure hits you but does no damage.
You closely miss Menkaure. You bite Menkaure.
Menkaure is heavily damaged.
Menkaure hits you but does no damage.
You hit Menkaure.
Menkaure is heavily damaged.
Menkaure misses you. Menkaure barely misses you.
You hit Menkaure. You freeze Menkaure.
Menkaure is severely damaged.
Menkaure barely misses you.
You barely miss Menkaure.
Menkaure is severely damaged.
Menkaure hits you!
* * * LOW HITPOINT WARNING * * *
You hit Menkaure but do no damage.
Menkaure is severely damaged.
Menkaure hits you!
* * * LOW HITPOINT WARNING * * *
Menkaure barely misses you.
You feel very mighty all of a sudden. Menkaure hits you!
You die...
Kikubaaqudgha rasps: "You have failed me!
Welcome... oblivion!"

#.# #.# #.# #.#
#.# #.# #.#
################.#
#...M@...........#
#.################
#...........#
#.#########.# #.#
#.# #.# #.# #.#
#.# #.# #.# #.#
#.########


You could see Menkaure (fast).

Vanquished Creatures
  A cyclops (D:6)
  2 trolls (D:6)
  Edmund (D:5)
  An acid dragon (D:6)
  Duvessa (D:5)
  2 black bears
  An orc warrior (D:6)
  2 sky beasts (D:6)
  An ice beast (D:5)
  A centaur (D:5)
  3 necrophages
  A gnoll sergeant (D:5)
  Dowan (D:5)
  4 scorpions
  A water moccasin skeleton (D:4)
  4 centaur zombies
  3 hounds (D:5)
  4 orc priests
  An iguana (D:3)
  4 orc wizards
  A killer bee zombie (D:4)
  A hound zombie (D:5)
  A hound skeleton (D:4)
  A howler monkey zombie (D:5)
  8 gnolls
  15 adders
  2 white imps (D:6)
  An ufetubus (D:5)
  A dart slug (D:1)
  9 orcs
  5 ball pythons
  7 bats
  5 endoplasms
  5 goblins
  11 hobgoblins
  10 jackals
  5 quokkas
  5 frilled lizards
  6 kobolds
  3 rats
141 creatures vanquished.

Notes
Turn   | Place    | Note
-------+----------+-------------------------------------------
     0 | D:1      | Woods the Vampire Necromancer began the quest for the Orb.
     0 | D:1      | Reached XP level 1. HP: 13/13 MP: 3/3
   215 | D:1      | Reached XP level 2. HP: 15/15 MP: 3/5
   258 | D:1      | Learned a level 1 spell: Animate Skeleton
   314 | D:1      | Found Oskekh's Antique Armour Shop.
  1010 | D:2      | Reached skill level 5 in Necromancy
  1028 | D:2      | Gained mutation: You are afflicted with vampirism and can
                  | become a bat while bloodless. [Vampire growth]
  1028 | D:2      | Reached XP level 3. HP: 19/19 MP: 2/7
  1032 | D:2      | Learned a level 3 spell: Vampiric Draining
  1258 | D:2      | Upgraded the game from 0.28-a0-653-g7e9dba17c3 to
                  | 0.28-a0-655-g4eb62b627b
  1455 | D:2      | Reached XP level 4. HP: 24/24 MP: 4/8
  1945 | D:2      | Found Winost's Magic Scroll Shoppe.
  2377 | D:3      | Found a burning altar of Makhleb.
  2380 | D:3      | Found a basalt altar of Yredelemnul.
  2382 | D:3      | Reached XP level 5. HP: 28/28 MP: 8/10
  2387 | D:3      | Found a sparkling altar of Nemelex Xobeh.
  2391 | D:3      | Found an ancient bone altar of Kikubaaqudgha.
  2559 | D:3      | Reached skill level 6 in Necromancy
  2627 | D:3      | Learned a level 4 spell: Animate Dead
  2634 | D:3      | Learned a level 3 spell: Ozocubu's Armour
  2751 | D:3      | Found a stormy altar of Qazlal.
  2795 | D:3      | Found a snail-covered altar of Cheibriados.
  3209 | D:3      | Reached XP level 6. HP: 21/32 MP: 9/12
  3321 | D:3      | Became a worshipper of Kikubaaqudgha
  3953 | D:4      | HP: 1/32 [water moccasin skeleton (3)]
  4501 | D:4      | Reached skill level 1 in Ice Magic
  4539 | D:4      | Found a transporter.
  4539 | D:4      | Noticed dang3rdave's ghost (amateur GrWz)
  5041 | D:4      | Reached skill level 5 in Spellcasting
  5041 | D:4      | Reached skill level 7 in Necromancy
  5041 | D:4      | Reached XP level 7. HP: 36/36 MP: 5/14
  5170 | D:4      | Found a transporter.
  5307 | D:4      | Found a shimmering blue altar of Sif Muna.
  6165 | D:4      | Reached skill level 1 in Fighting
  6460 | D:5      | Entered Level 5 of the Dungeon
  6809 | D:5      | Reached skill level 5 in Stealth
  6928 | D:5      | Reached XP level 8. HP: 37/44 MP: 9/15
  7075 | D:2      | Bought a scroll of identify for 24 gold pieces
  7075 | D:2      | Bought a scroll of teleportation for 36 gold pieces
  7323 | D:5      | Reached * piety under Kikubaaqudgha
  7323 | D:5      | Received a gift from Kikubaaqudgha
  7406 | D:5      | Noticed Edmund
  7411 | D:5      | Noticed Dowan
  7422 | D:5      | Killed Edmund
  7499 | D:5      | Reached skill level 5 in Dodging
  7544 | D:5      | Noticed Duvessa
  7565 | D:5      | Killed Duvessa
  7579 | D:5      | Killed Dowan
  8109 | D:6      | Found Ocri Pom's Antique Weapon Boutique.
  8136 | D:6      | Found a staircase to the Ecumenical Temple.
  8992 | D:6      | Reached XP level 9. HP: 52/52 MP: 6/17
  9024 | D:6      | Found a broken altar of Ashenzari.
  9110 | D:6      | Noticed a troll
  9153 | D:6      | Killed a troll
  9154 | D:6      | Reached skill level 8 in Necromancy
  9478 | D:6      | Noticed a cyclops
  9655 | D:6      | Reached skill level 5 in Ice Magic
  9755 | D:6      | Noticed a troll
  9967 | D:6      | Killed a cyclops
  9973 | D:6      | Reached skill level 9 in Necromancy
 10254 | D:6      | Killed a troll
 10301 | D:6      | Learned a level 5 spell: Agony
 10369 | D:7      | Noticed a manticore
 10473 | D:7      | Noticed Menkaure
 10498 | D:7      | Mangled by Menkaure

Illustrated notes

Levels and vault maps discovered:
D:1:      wander_arrival_desolate, layout_rooms, serial_shops,
          nicolae_shop_trees, serial_rivers, chequers_serial_rivers_room_a,
          chequers_serial_rivers_micro_e, chequers_serial_rivers_small_3,
          chequers_serial_rivers_room_b, st_stairs_9
D:2:      layout_loops_ring, serial_shops, shop_statue, st_stairs_6,
          minmay_misc_feat_nine_boxes
D:3:      layout_loops_corners, grunt_temple_overflow_open,
          mainiacjoe_overflow_big_doors, portal_sewer_entry_d
D:4:      black_bear_nest_1, layout_layer_cave, mainiacjoe_overflow_alcove_2,
          gammafunk_ghost_arena, minmay_strange_pillars
D:5:      cheibrodos_quashed, layout_gridville, uniq_edmund, uniq_duvessa
D:6:      layout_basic, lemuel_coloured_pillars_altar,
          minmay_temple_entry_waves, serial_shops, nicolae_square_shop,
          hangedman_minor_gate_pass
D:7:      layout_basic, grunt_ministairs_15, uniq_menkaure

Skill      XL: |  1  2  3  4  5  6  7  8  9 |
---------------+----------------------------+-----
Necromancy     | 5 6 7 9 |  9.0
Spellcasting   | 3 4 5 7 |  7.0
Ice Magic      | 2 3 4 5 |  5.0
Fighting       | 2 4 |  4.2
Stealth        | 5 6 |  6.5
Dodging        | 3 5 |  5.2

Action                   |  1- 3 |  4- 6 |  7- 9 || total
-------------------------+-------+-------+-------++-------
Melee: Unarmed           |    21 |     3 |       ||    24
       Bite              |     1 |     1 |    45 ||    47
       Staff             |       |    19 |   292 ||   311
 Cast: Pain              |    58 |   116 |    97 ||   271
       Animate Skeleton  |     3 |       |       ||     3
       Vampiric Draining |       |     9 |    46 ||    55
       Ozocubu's Armour  |       |     1 |    24 ||    25
       Animate Dead      |       |       |     1 ||     1
 Abil: Exsanguinate      |     1 |       |       ||     1
       Revivify          |       |       |     1 ||     1
  Use: Scroll            |       |       |     6 ||     6
       Potion            |       |       |     2 ||     2
 Stab: Sleeping          |       |     1 |     2 ||     3
Armor: Robe              |     2 |    10 |   161 ||   173
Dodge: Dodged            |    29 |    23 |   381 ||   433

Table legend: (Time is in decaauts)
 A = Elapsed time spent in this place.
 B = Non-inter-level travel time spent in this place.
 C = Inter-level travel time spent in this place.
 D = Time resting spent in this place.
 E = Time spent auto-exploring this place.
 F = Levels seen in this place.
 G = Mean time per level.
                   A        B        C        D        E       F      G
               +--------+--------+--------+--------+--------+-----+--------+
         Total |  10578 |  10162 |    416 |   2897 |   5210 |   7 | 1511.1 |
       Dungeon |  10578 |  10162 |    416 |   2897 |   5210 |   7 | 1511.1 |
               +--------+--------+--------+--------+--------+-----+--------+

Top non-repeatable levels by time:
     D:4: 2721 daAuts
     D:6: 2251 daAuts
     D:3: 1833 daAuts
     D:5: 1412 daAuts
     D:2: 1174 daAuts
     D:1: 1011 daAuts
     D:7: 173 daAuts
